 Dungeon Crawl Stone Soup version 0.26-b1-32-g5d43845318 (webtiles) character file.

Game seed: 10302761284400241446

10304 inmateoo the Martial Artist (level 11, -24/64 HPs)
             Began as a Kobold Transmuter on Jan 13, 2021.
             Was an Elder of Cheibriados.
             Hit by a silver javelin thrown by a minotaur (32 damage)
             ... in a Gauntlet.
             The game lasted 00:22:15 (15786 turns).

inmateoo the Martial Artist (Kobold Transmuter)    Turns: 15786, Time: 00:22:16

Health: -24/64     AC:  7    Str: 23    XL:     11   Next: 90%
Magic:  18/18      EV: 19    Int: 27    God:    Cheibriados [****..]
Gold:   631        SH:  0    Dex: 33    Spells: 4/20 levels left

rFire    . . .     SeeInvis +     - Unarmed
rCold    . . .     Faith    .   (shield restricted)
rNeg     . . .     Spirit   .   a - +0 robe
rPois    .         Reflect  .   k - +1 hat {SInv}
rElec    .         Harm     .   c - +1 cloak
rCorr    .         Rampage  .   b - +0 pair of gloves
Will     .....     NoTele   +   h - +0 pair of boots
Stlth    +++++.....             (no amulet)
HPRegen  0.20/turn              m - +6 ring of strength
MPRegen  0.16/turn              p - +6 ring of dexterity

@: very slow
A: small, nightstalker 3
a: Renounce Religion, Bend Time, Temporal Distortion, Slouch


You were in a Gauntlet.
You worshipped Cheibriados.
Cheibriados was greatly pleased with you.
You visited 2 branches of the dungeon, and saw 12 of its levels.
You also visited: Gauntlet.

You collected 631 gold pieces.

Inventory:

Missiles
 d - 14 javelins
 l - 2 throwing nets
Armour
 a - a +0 robe (worn)
 b - a +0 pair of gloves (worn)
 c - a +1 cloak (worn)
 h - a +0 pair of boots (worn)
 k - a +1 hat of see invisible (worn)
Jewellery
 m - a +6 ring of strength (left hand)
 p - a +6 ring of dexterity (right hand)
 u - an uncursed ring of see invisible
Wands
 v - a wand of acid (17)
 x - a wand of disintegration (6)
Scrolls
 e - a scroll of enchant armour
 f - 6 scrolls of magic mapping
 o - 3 scrolls of remove curse
 q - 3 scrolls of fog
 y - 4 scrolls of teleportation
Potions
 g - a potion of brilliance
 i - a potion of might {unknown}
 j - 2 potions of magic
 n - a potion of mutation
 r - a potion of flight
 s - 4 potions of curing
 w - 2 potions of lignification
 z - a potion of ambrosia
Miscellaneous
 t - a tin of tremorstones (inert)


   Skills:
 + Level 5.3 Fighting
 - Level 4.0 Dodging
 - Level 5.0 Stealth
 * Level 13.9 Unarmed Combat
 + Level 5.2 Spellcasting
 - Level 5.0 Transmutations
 - Level 5.0 Ice Magic
 + Level 1.4 Earth Magic
 + Level 1.5 Invocations


You had 4 spell levels left.
You knew the following spells:

 Your Spells              Type           Power        Failure   Level
a - Blade Hands           Tmut           17%          26%         5
b - Wereblood             Tmut           34%          1%          2
c - Spider Form           Tmut/Pois      10%          8%          3
d - Ice Form              Ice/Tmut       34%          9%          4
e - Passwall              Tmut/Erth      20%          2%          2

Your spell library contained the following spells:

 Spells                   Type           Power        Failure   Level
 Beastly Appendage        Tmut           68%          1%          1
 Animate Skeleton         Necr           14%          7%          1
 Apportation              Tloc           14%          7%          1
 Corona                   Hex            7%           7%          1
 Magic Dart               Conj           28%          7%          1
 Summon Small Mammal      Summ           28%          7%          1
 Searing Ray              Conj           14%          11%         2
 Swiftness                Air            7%           11%         2
 Petrify                  Tmut/Erth      24%          19%         4
 Confusing Touch          Hex            7%           22%         3
 Dazzling Flash           Conj/Hex       14%          22%         3
 Gell's Gravitas          Tloc           3%           22%         3
 Fulminant Prism          Conj/Hex       3%           56%         4
 Iskenderun's Mystic Bla  Conj/Tloc      7%           56%         4
 Passage of Golubria      Tloc           N/A          56%         4
 Metabolic Englaciation   Hex/Ice        10%          56%         5
 Yara's Violent Unravell  Hex/Tmut       10%          56%         5
 Lee's Rapid Deconstruct  Erth           7%           71%         5
 Invisibility             Hex            7%           100%        6


Dungeon Overview and Level Annotations

Branches:
Dungeon (11/15)            Temple (1/1) D:5            Lair (0/6) D:8
    Orc (0/2) D:9         Gauntlet (1/1)

Altars:
Ashenzari
Cheibriados
Elyvilon
Fedhas
Gozag
Hepliaklqana
Makhleb
Nemelex Xobeh
Okawaru
Ru
Trog
Xom
Yredelemnul
Zin
The Shining One

Shops:
D:5 }   D:6 *

Annotations:
D:3 2 transporters, Raspi's ghost, amateur DsGl
D:9 4 runed translucent doors Gauntlet 10 transporters, 14 runed translucent doors


Innate Abilities, Weirdness & Mutations

You are small and have problems with some larger weapons.
You are completely attuned to the shadows.


Message History

You start putting on your armour.
You continue putting on your +0 pair of gloves. x4
You finish putting on your +0 pair of gloves.
You see here a +0 scimitar of flaming.
There is a transporter here.
You enter the transporter and appear at another place.
A minotaur comes into view.
It is wielding a +2 battleaxe of electrocution and quivering 12 silver javelins.
The minotaur bellows!
The minotaur throws a silver javelin.
The silver javelin pierces through you!
The minotaur throws a silver javelin.
The silver javelin pierces through you!!
Ouch! That really hurt!
* * * LOW HITPOINT WARNING * * *
x2 You see here 2 silver javelins.
The minotaur throws a silver javelin.
The silver javelin pierces through you.
* * * LOW HITPOINT WARNING * * *
x2 The minotaur throws a silver javelin.
The silver javelin pierces through you!!
Ouch! That really hurt!
You die...

#≈.......#.#..§∩§..#.#.......≈#
##########.#########.##########
#8# #≈.............. #8# ##
#8.8.8.8.8.8.8.8 ##
#≈.............. ###.##.##.#
#.##.##.##. .....(.....
.##.##@##. #. #.# .. ..H #.#'#
#. .#


You could see a minotaur.

Vanquished Creatures
  Gastronok (D:9)
  Erolcha (D:10)
  A two-headed ogre (D:11)
  A necromancer (Gauntlet)
  An efreet (Gauntlet)
  A hornet (D:8)
  Sigmund (D:2)
  A wyvern (D:10)
  3 yaks (D:9)
  A fire elemental (Gauntlet)
  2 swamp worms (Gauntlet)
  A hell hound (Gauntlet)
  6 orc warriors
  4 ogres
  3 sky beasts
  3 ice beasts
  A black bear (D:8)
  3 phantoms
  2 centaurs
  6 wolves (Gauntlet)
  7 bullfrogs
  A wyvern zombie (D:6)
  3 scorpions
  8 killer bees
  3 wights (D:6)
  2 hounds
  A jelly (D:8)
  9 orc wizards
  5 orc priests
  2 bullfrog skeletons (D:10)
  2 centaur skeletons
  3 iguanas
  12 worker ants
  A hound zombie (D:5)
  2 hound skeletons
  3 gnolls (D:4)
  13 adders
  5 shadow imps
  A white imp (D:7)
  An ufetubus (D:9)
  3 oozes (D:2)
  3 worms
  2 dart slugs
  2 leopard geckos
  36 orcs
  5 giant cockroaches
  5 goblins
  8 hobgoblins
  12 jackals
  8 kobolds
  3 quokkas
  2 ball pythons
  7 bats
  5 frilled lizards
  A leopard gecko skeleton (D:7)
  6 rats
235 creatures vanquished.

Vanquished Creatures (others)
  2 yaks (D:9)
  A fungus (Gauntlet)
  3 plants (Gauntlet)
6 creatures vanquished.

Grand Total: 241 creatures vanquished

Notes
Turn   | Place    | Note
-------+----------+-------------------------------------------
     0 | D:1      | inmateoo the Kobold Transmuter began the quest for the Orb.
     0 | D:1      | Reached XP level 1. HP: 12/12 MP: 3/3
   478 | D:1      | Reached XP level 2. HP: 16/16 MP: 5/5
   748 | D:1      | Reached skill level 1 in Stealth
   766 | D:1      | Learned a level 2 spell: Wereblood
  1050 | D:1      | Reached XP level 3. HP: 20/20 MP: 4/6
  1080 | D:1      | Learned a level 3 spell: Spider Form
  1562 | D:2      | Noticed Sigmund
  1575 | D:2      | Killed Sigmund
  1576 | D:2      | Reached XP level 4. HP: 13/26 MP: 4/8
  1576 | D:2      | Reached XP level 5. HP: 16/30 MP: 4/9
  1576 | D:2      | Reached XP level 6. HP: 18/35 MP: 4/10
  2816 | D:3      | Found a transporter.
  2870 | D:3      | Found a transporter.
  2894 | D:3      | Noticed Raspi's ghost (amateur DsGl)
  3686 | D:4      | Reached skill level 4 in Unarmed Combat
  4198 | D:4      | Reached XP level 7. HP: 40/40 MP: 10/12
  4986 | D:5      | Entered Level 5 of the Dungeon
  4992 | D:5      | Learned a level 4 spell: Ice Form
  5046 | D:4      | Reached skill level 1 in Ice Magic
  5418 | D:5      | Reached skill level 5 in Stealth
  5418 | D:5      | Reached XP level 8. HP: 25/44 MP: 14/14
  6125 | D:5      | Found a staircase to the Ecumenical Temple.
  6136 | Temple   | Entered the Ecumenical Temple
  6180 | Temple   | Became a worshipper of Cheibriados the Contemplative
  6308 | D:5      | Reached skill level 5 in Unarmed Combat
  6902 | D:5      | Found Ruhoj's Gadget Emporium.
  7368 | D:6      | Found a shimmering altar of Xom.
  7497 | D:7      | Reached skill level 5 in Spellcasting
  7497 | D:7      | Reached skill level 5 in Transmutations
  7497 | D:7      | Reached XP level 9. HP: 39/48 MP: 11/16
  7554 | D:7      | Learned a level 5 spell: Blade Hands
  7579 | D:6      | Reached skill level 5 in Ice Magic
  7917 | D:6      | Reached skill level 6 in Unarmed Combat
  8121 | D:6      | Reached * piety under Cheibriados
  8122 | D:6      | Reached skill level 7 in Unarmed Combat
  8153 | D:6      | Found an opulent altar of Gozag.
  8160 | D:6      | Found Gozag's Platinum Reserve.
  8906 | D:7      | Reached skill level 8 in Unarmed Combat
  9872 | D:7      | Reached ** piety under Cheibriados
 10043 | D:7      | Found a sacrificial altar of Ru.
 10094 | D:7      | Found a bloodstained altar of Trog.
 10221 | D:7      | Identified the cursed +0 robe of Mufuzaph {*Corrode Str+4}
                  | (You found it on level 7 of the Dungeon)
 10673 | D:8      | Reached skill level 9 in Unarmed Combat
 10858 | D:8      | Reached XP level 10. HP: 52/53 MP: 17/17
 10945 | D:8      | Found a burning altar of Makhleb.
 10947 | D:8      | Found a glowing silver altar of Zin.
 11032 | D:8      | Found a staircase to the Lair.
 11140 | D:8      | Reached skill level 10 in Unarmed Combat
 11432 | D:8      | Noticed a balrug
 11432 | D:8      | Noticed an angel
 12068 | D:9      | Noticed Gastronok
 12292 | D:9      | Found a large runed translucent door.
 12293 | D:9      | Found a large runed translucent door.
 12298 | D:9      | Noticed a yaktaur
 12307 | D:9      | Found a large runed translucent door.
 12307 | D:9      | a yaktaur changed into a queen bee
 12312 | D:9      | Found a large runed translucent door.
 12314 | D:9      | Noticed a salamander
 12368 | D:9      | Noticed a yaktaur
 12369 | D:9      | a yaktaur changed into something unseen
 12411 | D:9      | Reached skill level 11 in Unarmed Combat
 12625 | D:9      | Noticed a fire dragon
 12768 | D:9      | Reached *** piety under Cheibriados
 12820 | D:9      | Killed Gastronok
 12821 | D:9      | Reached skill level 5 in Fighting
 12821 | D:9      | Reached skill level 12 in Unarmed Combat
 12821 | D:9      | Reached XP level 11. HP: 56/63 MP: 16/18
 13018 | D:9      | Found a staircase to the Orcish Mines.
 13390 | D:9      | Noticed a death drake
 13411 | D:10     | Entered Level 10 of the Dungeon
 13897 | D:10     | Noticed Erolcha
 13900 | D:10     | Paralysed by Erolcha for 5 turns
 13910 | D:10     | Killed Erolcha
 13911 | D:10     | Reached skill level 13 in Unarmed Combat
 14649 | D:11     | Noticed a two-headed ogre
 14656 | D:11     | Killed a two-headed ogre
 14825 | D:11     | Reached **** piety under Cheibriados
 14884 | D:11     | Found a gate leading to a gauntlet.
 14889 | Gauntlet | Entered a Gauntlet
 14889 | Gauntlet | Found a transporter.
 14889 | Gauntlet | Found a transporter.
 14898 | Gauntlet | Found a large runed translucent door.
 14899 | Gauntlet | Found a large runed translucent door.
 14900 | Gauntlet | Found a transporter.
 14902 | Gauntlet | Found a large runed translucent door.
 14912 | Gauntlet | Found a large runed translucent door.
 14913 | Gauntlet | Found a large runed translucent door.
 14913 | Gauntlet | Found a large runed translucent door.
 14913 | Gauntlet | Found a runed translucent door.
 14913 | Gauntlet | Found a runed translucent door.
 14916 | Gauntlet | Found a large runed translucent door.
 14917 | Gauntlet | Found a large runed translucent door.
 14918 | Gauntlet | Found a large runed translucent door.
 14918 | Gauntlet | Found a large runed translucent door.
 14921 | Gauntlet | Noticed a necromancer
 14927 | Gauntlet | Found a runed translucent gate.
 14934 | Gauntlet | Found a transporter.
 14937 | Gauntlet | Noticed a hell hog
 14947 | Gauntlet | Found a transporter.
 14947 | Gauntlet | Found a transporter.
 14977 | Gauntlet | Found a transporter.
 14992 | Gauntlet | Found a runed translucent gate.
 14992 | Gauntlet | Found a runed translucent gate.
 15007 | Gauntlet | Found a transporter.
 15048 | Gauntlet | Found a transporter.
 15056 | Gauntlet | Found a transporter.
 15078 | Gauntlet | Found a transporter.
 15086 | Gauntlet | Found a transporter.
 15174 | Gauntlet | Found a transporter.
 15182 | Gauntlet | Found a transporter.
 15205 | Gauntlet | Found a transporter.
 15212 | Gauntlet | Found a transporter.
 15324 | Gauntlet | Learned a level 2 spell: Passwall
 15378 | Gauntlet | Found a large runed translucent door.
 15378 | Gauntlet | Found a large runed translucent door.
 15385 | Gauntlet | Found a large runed translucent door.
 15385 | Gauntlet | Found a large runed translucent door.
 15386 | Gauntlet | Found a large runed translucent door.
 15386 | Gauntlet | Found a large runed translucent door.
 15406 | Gauntlet | Killed a necromancer
 15407 | Gauntlet | Reached skill level 1 in Earth Magic
 15407 | Gauntlet | Reached skill level 1 in Invocations
 15586 | Gauntlet | Got a pair of masterwork gloves
 15758 | Gauntlet | Identified the +1 pair of gloves of Defence {Rampage
                  | Stlth+} (You found it in a Gauntlet)
 15784 | Gauntlet | Noticed a minotaur
 15786 | Gauntlet | Hit by a silver javelin thrown by a minotaur

Illustrated notes

Levels and vault maps discovered:
D:1:      tarquinn_simple_flora_water_d, layout_loops_cross, serial_bayou,
          serial_bayou_pond_c, serial_bayou_pond_a, serial_bayou_pond_a,
          serial_bayou_pond_b, minmay_hedge_maze, due_unseen_surprise
D:2:      minmay_razor_zed, layout_basic, uniq_sigmund
D:3:      layout_basic, serial_aquarium, aquarium_bridge_straight
          [aquarium_subvault_bridge, aquarium_subvault_window,
          aquarium_subvault_bridge, aquarium_subvault_balcony],
          aquarium_window_corridor_3, aquarium_window_1, aquarium_window_1,
          aquarium_window_corner, aquarium_view_2c, aquarium_view_2c,
          aquarium_balcony_double_1, gammafunk_ghost_stat_death
D:4:      layout_loops_ring, guppyfry_early_lair_pool
D:5:      layout_cave_pods, minmay_temple_entry_nine_rooms, serial_shops, shop,
          kennysheep_generic_room_13
D:6:      layout_rooms, nicolae_gozag_zags_fifth_avenue, xom_teletrap_fun,
          kennysheep_donut
D:7:      layout_cave_pods, lemuel_coloured_pillars_altar,
          general_overflow_altar
D:8:      layout_basic, grunt_temple_overflow_order_and_chaos_2,
          dpeg_oklobed_lair
D:9:      layout_long_grid, david_orc_2, minmay_hollow_rounded_squares,
          uniq_gastronok
D:10:     layout_rooms, uniq_erolcha
D:11:     layout_loops_ring, gauntlet_entry_generic
Temple:   nicolae_temple_elliptical
Gauntlet: gammafunk_gauntlet_branching [gammafunk_gauntlet_arena_chambers,
          gammafunk_gauntlet_arena_mazey, gammafunk_gauntlet_arena_corners,
          minmay_gauntlet_arena_make_your_own_arena,
          gammafunk_gauntlet_arena_grid, gammafunk_gauntlet_arena_teeth,
          nicolae_gauntlet_arena_grate_2, nicolae_gauntlet_swirl,
          gauntlet_exit_green]

Skill      XL: |  1  2  3  4  5  6  7  8  9 10 11 |
---------------+----------------------------------+-----
Stealth        | 1 2 3 5 |  5.0
Fighting       | 2 5 |  5.3
Dodging        | 3 4 |  4.0
Spellcasting   | 3 4 5 |  5.2
Transmutations | 3 4 5 |  5.0
Unarmed Combat | 4 5 9 12 13 | 13.9
Ice Magic      | 2 4 5 |  5.0
Earth Magic    | 1 |  1.4
Invocations    | 1 |  1.5

Action                   |  1- 3 |  4- 6 |  7- 9 | 10-12 || total
-------------------------+-------+-------+-------+-------++-------
Melee: Unarmed           |    99 |   195 |   380 |   222 ||   896
       Headbutt          |     8 |    14 |       |       ||    22
       Kick              |    12 |    29 |     3 |       ||    44
       Punch             |     1 |       |     6 |    10 ||    17
 Cast: Beastly Appendage |    12 |    17 |     4 |       ||    33
       Spider Form       |     1 |     2 |    15 |     7 ||    25
       Wereblood         |       |       |     5 |     1 ||     6
       Ice Form          |       |       |     6 |     9 ||    15
       Blade Hands       |       |       |       |     3 ||     3
 Abil: End Transformatio |       |       |     1 |       ||     1
Evoke: Tin of tremorston |       |       |       |     2 ||     2
  Use: Scroll            |       |    10 |     8 |     6 ||    24
       Potion            |       |       |       |     2 ||     2
 Stab: Sleeping          |     6 |    13 |    13 |    12 ||    44
       Distracted        |       |       |     2 |     1 ||     3
       Invisible         |       |       |       |     3 ||     3
Armor: Robe              |    12 |    29 |    49 |    15 ||   105
       Skin              |       |     2 |    11 |    12 ||    25
Dodge: Dodged            |    82 |   146 |   292 |   148 ||   668
